 Dungeon Crawl Stone Soup version 0.30.0 (webtiles) character file.

Game seed: 10501510532180786424

37 AlmostAGhost the Slasher (level 3, -1/27 HPs)
             Began as a Demonspawn Gladiator on May 6, 2023.
             Slain by Robin
             ... wielding a +0 spear
              (2 damage)
             ... on level 2 of the Dungeon.
             The game lasted 00:03:02 (994 turns).

AlmostAGhost the Slasher (Demonspawn Gladiator)      Turns: 994, Time: 00:03:03

Health: -1/27      AC:  5    Str: 16    XL:     3   Next: 21%
Magic:  3/3        EV: 12    Int:  9    God:
Gold:   41         SH:  0    Dex: 14    Spells: 2/2 levels left

rFire   . . .        o - +1 spear (venom)
rCold   . . .        (no shield)
rNeg    . . .        b - +0 leather armour
rPois   .            c - +0 helmet
rElec   .            (no cloak)
rCorr   .            (no gloves)
SInv    .            (no boots)
Will    .....        (no amulet)
Stlth   +            (no ring)
HPRegen 0.24/turn    (no ring)
MPRegen 0.08/turn

%: no passive effects
@: no status effects
A: rugged brown scales 1, weakness stinger 1
a: no special abilities


You were on level 2 of the Dungeon.
You visited 1 branch of the dungeon, and saw 2 of its levels.

You collected 41 gold pieces.

Inventory:

Hand Weapons
 a - a +0 long sword
 o - a +1 spear of venom (weapon)
Missiles
 d - 3 throwing nets (quivered)
 e - a javelin
Armour
 b - a +0 leather armour (worn)
 c - a +0 helmet (worn)
Magical Staves
 p - a staff of cold
Scrolls
 h - a scroll of fear {unknown}
 i - a scroll of fog {unknown}
 j - a scroll of vulnerability {unknown}
 k - a scroll of poison {unknown}
 m - a scroll of magic mapping {unknown}
 n - a scroll of immolation {unknown}
Potions
 f - 2 potions of cancellation {unknown}
 g - 2 potions of curing {unknown}
 l - a potion of invisibility {unknown}


   Skills:
 + Level 2.2 Fighting
 - Level 3.2 Long Blades
 + Level 0.5 Polearms
 + Level 1.8 Throwing
 + Level 0.5 Armour
 + Level 3.1 Dodging


You had 2 spell levels left.
You didn't know any spells.
Your spell library contained the following spells:

 Spells                   Type           Power      Damage    Failure   Level
 Necrotise                Necr           0%         1d4       45%         1
 Slow                     Hex            0%         N/A       45%         1
 Confusing Touch          Hex            0%         N/A       83%         3
 Vampiric Draining        Necr           0%         2d6       83%         3
 Agony                    Necr           0%         N/A       100%        5


Dungeon Overview and Level Annotations

Branches:
Dungeon (2/15)

Altars:

Shops:
D:1 *

Annotations:
D:2 Robin


Innate Abilities, Weirdness & Mutations

You are partially covered in rugged brown scales. (AC +1, +3% HP)
You have a small tail.


Message History

Items here: )))) †††††††.
You hit the goblin but do no damage.
The goblin is poisoned.
The goblin misses you. Robin hits you but does no damage.
The goblin barely misses you.
You hit the goblin.
You kill the goblin!
Robin misses you. The goblin barely misses you.
Robin hits you but does no damage.
You see here a +0 club.
You completely miss the goblin. You tail-slap the goblin.
The goblin is heavily wounded.
Robin throws the goblin at you! The goblin hits you with a +0 club.
* * * LOW HITPOINT WARNING * * *
Okay, then.
You hit the goblin.
You kill the goblin!
Robin hits you from afar with a +0 spear.
* * * LOW HITPOINT WARNING * * *
Robin hits you but does no damage. Robin closely misses you.
Items here: )))) †††††††.
You hit Robin but do no damage.
Robin is poisoned.
Robin barely misses you.
You hit Robin but do no damage.
Robin looks even sicker.
Robin is lightly wounded.
Robin completely misses you.
You hit Robin.
Robin looks as sick as possible!
Robin is heavily wounded.
Robin closely misses you.
You barely miss Robin.
Robin is heavily wounded.
Robin hits you with a +0 spear.
* * * LOW HITPOINT WARNING * * *
You hit Robin but do no damage.
Robin looks as sick as possible!
Robin is heavily wounded.
Robin hits you with a +0 spear.
* * * LOW HITPOINT WARNING * * *
You barely miss Robin.
Robin is severely wounded.
Robin hits you with a +0 spear.
You die... .#.......##..# .g..... .#.......##.<# ....... .#.......##..# gg.....

.#.......##..###..g....
.#.......#.....)gg.....
.#.......#.......g.....
.#.......#........=.#
..†......'......######$#
.###.#####......@))....#
.# #.# #.....g########
'###.#####......#
.........#......#
.........#......#
..<......#......#
.........#......#
.........#......#
.........#......#


You could see Robin (extremely poisoned).

Vanquished Creatures
  A ball python (D:1)
  2 bats (D:1)
  2 endoplasms
  10 goblins
  7 hobgoblins
  A quokka (D:2)
  2 frilled lizards (D:1)
  2 kobolds (D:1)
  3 rats
30 creatures vanquished.

Notes
Turn   | Place    | Note
-------+----------+-------------------------------------------
     0 | D:1      | AlmostAGhost the Demonspawn Gladiator began the quest for
                  | the Orb.
     0 | D:1      | Reached XP level 1. HP: 16/16 MP: 1/1
   192 | D:1      | Found Notwugud's Assorted Antiques.
   475 | D:1      | Gained mutation: You have a small tail. [demonic ancestry]
   475 | D:1      | Reached XP level 2. HP: 20/22 MP: 2/2
   794 | D:1      | Found a faded altar of an unknown god.
   958 | D:2      | Noticed Robin
   975 | D:2      | Gained mutation: You are partially covered in rugged brown
                  | scales. (AC +1, +3% HP) [demonic ancestry]
   975 | D:2      | Reached XP level 3. HP: 21/27 MP: 3/3
   993 | D:2      | HP: 1/27 [Robin/+0 spear (2)]
   994 | D:2      | Slain by Robin

Illustrated notes

Levels and vault maps discovered:
D:1:      heliophobic_arrival_ceremonial_halls, layout_basic,
          hellmonk_ecumenical_altar_leap_of_faith, serial_shops, shop
D:2:      layout_basic, uniq_robin, uniq_jessica

Skill      XL: |  1  2 |
---------------+-------+-----
Long Blades    | 3 |  3.2
Dodging        | 3 |  3.1
Fighting       | |  2.2
Polearms       | |  0.5
Throwing       | |  1.8
Armour         | |  0.5

Action                     || total
---------------------------++-------
  Melee: Long sword        ||    53
         Spear             ||    42
         Punch             ||     2
         Tailslap          ||     3
   Stab: Sleeping          ||     1
 Armour: Leather armour    ||    35
  Dodge: Dodged            ||    71
